Map: Submarine LE

Players

SteazyD

  • Race: Terran Terran
  • League: Platinum

Mechachu - Winner!

  • Race: Terran Terran
  • League: Master

VOD

Have the link to the VOD?

Description

Time

  • Played on: April 29, 2021, 12:48 a.m.
  • Length: 11:32
Show
View Real Time Build Order
Export as new Build Order

SteazyD Terran 

Build Orders: Liberator Opening, Reaper Expand 

Get SALT Encoding   

  12  0:00  SCV  
  13  0:12  SCV  
  14  0:17  Supply Depot  
  14  0:24  SCV  
  15  0:38  SCV  
  15  0:40  Barracks  
  16  0:45  Refinery  
  16  0:50  SCV  
  17  1:02  SCV  
  18  1:18  SCV  
  19  1:28  Reaper  
  19  1:30  Orbital Command  
  20  1:40  Command Center  
  20  1:56  Supply Depot  
  20  1:57  SCV  
  20  2:00  Marine  
  22  2:09  SCV  
  23  2:17  Factory  
  23  2:25  SCV  
  23  2:27  Barracks Reactor, Refinery  
  24  2:37  SCV  
  25  2:49  SCV  
  26  2:57  Orbital Command  
  26  3:07  Starport  
  26  3:10  Hellion x2  
  30  3:14  SCV  
  30  3:19  Barracks Tech Lab, Supply Depot  
  31  3:23  SCV  
  32  3:30  SCV  
  32  3:32  Hellion  
  32  3:33  Hellion  
  37  3:35  SCV  
  39  3:42  SCV  
  39  3:44  Marine  
  39  3:46  Liberator  
  39  3:47  SCV  
  44  3:50  Stimpack  
  44  3:59  Command Center  
  44  4:01  SCV  
  44  4:02  SCV  
  46  4:05  Hellion  
  46  4:09  Hellion  
  50  4:15  Supply Depot  
  50  4:18  SCV x2  
  52  4:34  Barracks  
  52  4:38  Barracks  
  52  4:39  Starport Reactor  
  52  4:40  SCV  
  52  4:41  SCV  
  54  4:49  Supply Depot  
  54  4:53  SCV x2  
  56  5:00  Engineering Bay x2  
  56  5:05  SCV x2  
  56  5:06  Refinery  
  58  5:07  Refinery  
  58  5:13  Marine  
  59  5:16  Factory Tech Lab  
  59  5:17  Medivac, SCV  
  59  5:19  Medivac  
  64  5:30  Barracks Reactor  
  64  5:32  Marine  
  64  5:33  Combat Shield, Marine x2  
  67  5:35  Siege Tank  
  70  5:43  Supply Depot  
  70  5:44  Supply Depot  
  70  5:47  SCV x2  
  72  5:50  Orbital Command  
  72  5:51  Marine  
  72  5:56  Marine x2  
  75  5:59  Medivac x2  
  79  6:04  SCV x2  
  79  6:09  Marine  
  82  6:12  Siege Tank  
  82  6:13  Marine x2  
  82  6:15  Marine x2  
  82  6:16  SCV x2  
  82  6:17  Orbital Command  
  91  6:28  SCV  
  91  6:29  SCV  
  93  6:34  Marine x5  
  98  6:40  SCV  
  98  6:41  SCV  
  98  6:42  Barracks  
  98  6:44  Command Center  
  100  6:48  SCV  
  101  7:05  Terran Infantry Weapons Level 1, Supply Depot  
  101  7:06  Terran Infantry Armor Level 1  
  101  7:23  Marine x2  
  101  7:26  Medivac, Siege Tank, Marine, SCV x2  
  109  7:34  Marine x2  
  109  7:36  Medivac  
  109  7:44  Barracks Reactor  
  109  7:49  Supply Depot x2  
  109  7:55  Marine x2  
  109  7:56  SCV x3  
  109  7:57  Supply Depot  
  114  8:02  Supply Depot  
  114  8:04  Marine x2  
  114  8:05  Marine  
  117  8:06  Siege Tank  
  117  8:08  SCV x3  
  117  8:11  Supply Depot  
  123  8:13  Supply Depot  
  123  8:14  Supply Depot  
  123  8:19  Armory  
  123  8:20  Marine x4  
  123  8:22  Marine  
  123  8:23  Marine x2  
  123  8:25  Viking x2  
  134  8:36  Supply Depot  
  134  8:38  Marine x2  
  134  8:39  Marine x2  
  134  8:40  Marine  
  134  8:41  Siege Tank, Marine x2  
  144  8:48  Factory, Refinery  
  144  8:49  Refinery  
  144  8:51  SCV  
  144  8:52  SCV x2  
  144  8:53  Orbital Command  
  140  8:55  Marine  
  140  8:56  Marine  
  142  9:03  SCV  
  142  9:04  SCV x2  
  142  9:06  Medivac x2, Barracks  
  142  9:08  Barracks  
  149  9:16  SCV x3  
  152  9:21  Terran Vehicle Weapons Level 1  
  152  9:29  Refinery  
  152  9:31  SCV x4  
  156  9:33  Marine x6  
  156  9:34  Siege Tank, Marauder  
  156  9:35  Factory Tech Lab  
  156  9:38  Liberator x2  
  167  9:43  SCV  
  174  9:51  Marine x2  
  176  9:55  Siege Tank  
  179  10:06  Siege Tank, Command Center  
  182  10:09  SCV x3, Refinery  
  182  10:10  SCV  
  186  10:16  Barracks Reactor  
  186  10:17  Barracks Reactor  
  186  10:29  Marine x3  
  186  10:30  Marine x3  
  186  10:31  Marine  
  186  10:32  Siege Tank  
  186  10:33  Viking  
  186  10:34  Viking  
  200  10:50  Ghost Academy  
Show
View Real Time Build Order
Export as new Build Order

Mechachu Terran - Winner!

Build Orders: Liberator Opening, Reaper Expand 

Get SALT Encoding   

  12  0:00  SCV  
  13  0:12  SCV  
  14  0:17  Supply Depot  
  14  0:24  SCV  
  15  0:39  SCV  
  15  0:40  Barracks  
  16  0:45  Refinery  
  16  0:51  SCV  
  17  1:03  SCV  
  18  1:15  SCV  
  19  1:29  Reaper, Orbital Command  
  20  1:40  Command Center  
  20  1:52  Supply Depot  
  20  1:55  SCV  
  21  2:01  Marine  
  21  2:07  SCV  
  23  2:09  Factory  
  23  2:15  Refinery  
  23  2:19  SCV  
  24  2:24  Barracks Reactor  
  24  2:31  SCV  
  25  2:43  SCV  
  26  2:53  Orbital Command  
  26  2:54  Starport  
  26  2:56  SCV  
  27  3:04  Supply Depot  
  27  3:08  SCV  
  27  3:09  Hellion  
  27  3:10  Hellion  
  27  3:12  Barracks Tech Lab  
  32  3:18  SCV  
  33  3:20  SCV  
  34  3:27  Supply Depot  
  34  3:30  SCV  
  34  3:31  Hellion x2  
  34  3:33  Liberator  
  42  3:38  Marine  
  42  3:39  SCV  
  44  3:41  Stimpack  
  44  3:43  SCV  
  45  3:52  SCV  
  45  3:54  Hellion  
  45  3:55  SCV  
  49  4:05  Command Center  
  49  4:07  SCV  
  49  4:08  SCV  
  51  4:19  SCV  
  51  4:21  SCV  
  51  4:22  Barracks  
  53  4:24  Barracks  
  53  4:27  Starport Reactor  
  53  4:31  SCV  
  53  4:32  Supply Depot  
  53  4:33  Engineering Bay  
  54  4:39  Engineering Bay, Factory Tech Lab  
  54  4:40  SCV  
  54  4:45  SCV  
  56  4:48  Refinery x2  
  56  4:49  Marine  
  57  4:53  SCV  
  57  4:56  Supply Depot  
  57  4:58  SCV  
  59  5:00  Siege Tank  
  59  5:03  Terran Infantry Weapons Level 1  
  62  5:07  Terran Infantry Armor Level 1  
  62  5:10  SCV  
  62  5:12  SCV  
  64  5:17  Orbital Command  
  64  5:20  Starport Reactor  
  64  5:21  Marine x2  
  64  5:22  Combat Shield  
  64  5:23  Marine  
  64  5:24  Marine  
  64  5:28  SCV  
  69  5:29  SCV  
  69  5:33  Marine  
  69  5:34  Siege Tank  
  74  5:37  Supply Depot  
  74  5:40  Marine x2, SCV  
  77  5:45  Orbital Command, Supply Depot  
  77  5:46  Marine x2  
  77  5:49  SCV  
  80  5:52  SCV  
  80  5:53  Marine  
  82  5:57  Supply Depot  
  82  5:58  Medivac, Marine  
  82  5:59  Medivac  
  82  6:02  SCV  
  88  6:07  Armory  
  88  6:10  SCV x2  
  90  6:11  Marine  
  90  6:12  Marine  
  90  6:13  Marine x2  
  90  6:16  SCV  
  95  6:22  SCV  
  95  6:23  SCV  
  95  6:25  Barracks  
  97  6:26  Barracks  
  97  6:27  Supply Depot  
  97  6:31  SCV  
  98  6:34  SCV  
  98  6:36  Marine x2  
  98  6:37  Marine x3  
  98  6:38  Siege Tank  
  98  6:39  Medivac  
  109  6:42  Medivac  
  109  6:43  SCV  
  109  6:44  SCV  
  109  6:46  SCV  
  114  6:52  Refinery  
  114  6:54  Refinery  
  114  6:55  Marine x4  
  114  6:56  Factory, SCV  
  114  6:59  Terran Infantry Weapons Level 2  
  119  7:03  SCV x2  
  121  7:10  Supply Depot, SCV  
  121  7:11  Supply Depot  
  121  7:13  Supply Depot  
  121  7:15  Barracks Reactor x2  
  122  7:20  Marine x5  
  127  7:24  SCV  
  127  7:28  SCV x2  
  131  7:38  Marine x5, Barracks Reactor  
  131  7:39  SCV  
  131  7:41  Factory Tech Lab  
  131  7:42  SCV  
  137  7:48  Medivac x2, Siege Tank, Supply Depot  
  137  7:50  Supply Depot  
  144  7:51  Terran Vehicle Weapons Level 1  
  144  7:52  Terran Infantry Armor Level 2  
  144  7:53  Marine x2  
  144  7:56  Marine x4  
  144  7:58  Supply Depot  
  150  8:01  Supply Depot  
  150  8:02  SCV x2  
  150  8:03  SCV  
  153  8:11  Command Center  
  153  8:14  Marine  
  153  8:15  Marine x3  
  153  8:17  SCV  
  158  8:21  Supply Depot  
  158  8:22  Siege Tank  
  161  8:27  Siege Tank  
  161  8:28  Marine x3  
  161  8:30  Marine  
  161  8:32  SCV x3  
  171  8:36  Marine x4  
  171  8:38  Medivac  
  171  8:40  Medivac  
  179  8:44  SCV x2  
  181  8:54  Marine x4  
  181  8:55  Marine x3  
  185  8:56  Marine x2  
  185  8:59  Siege Tank  
  185  9:00  SCV  
  194  9:04  Siege Tank  
  194  9:09  Supply Depot  
  197  9:10  Supply Depot  
  197  9:11  Supply Depot  
  197  9:23  Marine x3  
  200  9:30  Barracks  
  200  9:33  Barracks  
  200  9:35  Barracks  
  200  9:48  Planetary Fortress  
  200  10:14  Command Center  
  200  10:15  Command Center  
  200  10:18  Barracks, Command Center  
  200  10:19  Factory  
  200  10:20  Barracks  
  200  10:32  Refinery  
  200  10:33  Refinery  
  200  10:48  Barracks Tech Lab x2  
  200  10:50  Barracks Tech Lab  
  200  11:12  Marine x2  
Tags
 
Add a new tag
Caveats
  • Supply blocks, unpowered buildings, or Contaminate may cause inaccurate times.
  • Supply counts are checked every 10 seconds.